 Dungeon Crawl Stone Soup version 0.20-a0-795-ga03948b (webtiles) character file.

144 Alarkh the Slasher (level 5, 41/41 HPs)
             Began as a Demonspawn Monk on Mar 1, 2017.
             Quit the game on level 2 of the Dungeon.
             The game lasted 00:02:21 (2233 turns).

Alarkh the Slasher (Demonspawn Monk)                Turns: 2233, Time: 00:02:21

Health: 41/41      AC: 10    Str: 11    XL:     5   Next: 5%
Magic:  5/5        EV:  9    Int: 12    God:
Gold:   98         SH: 16    Dex: 16    Spells: 4/4 levels left

rFire    . . .     SeeInvis .   b - +4 dagger (venom)
rCold    + + .     Gourm    .   n - +2 ring mail {rC+}
rNeg     . . .     Faith    .   j - +0 shield (curse)
rPois    .         Spirit   .   f - +2 helmet
rElec    .         Reflect  +   (no cloak)
rCorr    .         Harm     .   (no gloves)
MR       .....                  (no boots)
Stlth    +.........             s - +3 amulet of reflection
Regen    0.2/turn               (no ring)
MPRegen  0.1/turn               (no ring)

@: no status effects
A: large bone plates 2, cold resistance 1
a: no special abilities


You were on level 2 of the Dungeon.
You were not hungry.

You visited 1 branch of the dungeon, and saw 2 of its levels.

You collected 98 gold pieces.

Inventory:

Hand Weapons
 a - a +0 falchion
 b - a +4 dagger of venom (weapon)
Armour
 f - a +2 helmet (worn)
 j - a cursed +0 shield (worn)
 n - a +2 ring mail of cold resistance (worn)
 o - a +0 robe
Jewellery
 e - an uncursed amulet of guardian spirit
 s - a +3 amulet of reflection (around neck)
Scrolls
 g - a scroll of magic mapping {unknown}
 i - a scroll of fear {unknown}
 l - 3 scrolls of enchant armour {unknown}
 m - 6 scrolls of identify {unknown}
 q - a scroll of remove curse {unknown}
Potions
 h - a potion of heal wounds {unknown}
 r - a potion of flight {unknown}
Comestibles
 c - a bread ration
 d - 7 chunks of flesh
 k - 7 fruits
 p - a royal jelly


   Skills:
 + Level 3.6 Fighting
 * Level 3.8 Long Blades
 + Level 0.8 Armour
 + Level 3.3 Dodging
 - Level 1.7 Stealth
 + Level 1.4 Shields


You had 4 spell levels left.
You didn't know any spells.

Dungeon Overview and Level Annotations

Branches:
Dungeon (2/15)

Altars:


Innate Abilities, Weirdness & Mutations

You are mostly covered in large bone plates. (SH +6)
Your flesh is cold resistant. (rC+)


Message History

You block the gnoll's attack.
A gnoll is nearby!
You hit the gnoll.
The gnoll looks as sick as possible!
The gnoll is almost dead.
You kill the gnoll!
You have reached level 5!
Your demonic ancestry asserts itself...
You feel resistant to cold.
All of the chunks of flesh in your inventory have rotted away.
Things that are here:
a throwing net; a gnoll corpse
d - 3 chunks of flesh
Things that are here:
a throwing net; a gnoll skeleton
Things that are here:
a throwing net; a gnoll skeleton
s - a lumpy soapstone amulet;
d - 7 chunks of flesh (gained 4)
You remove your amulet of guardian spirit.
s - a +3 amulet of reflection (around neck) Are you sure you want to abandon this character and quit the game? (Confirm with "yes".)

##.
##..#.#.##)#.............
#
#.##.##.#.####.###.#####
g.. #.. #......####.# #.#
..# ##. ###.........# #.#
.# .##. ##.######### #.#
.# #.## #..# #.# .## #...
#.#.# #>##### ..###..
###)##### #...... ...#.#
#(@...# #.#####
..#รท#########...###.#
#.# #.#.())(......#.# #.#
#.#..########...# #.#
.....### ##.## #.#
.......# #. #.# .......#
#. #.##### .......# #.
#...... .......# ##.####


There were no monsters in sight!

Vanquished Creatures
  Terence (D:2)
  Robin (D:2)
  3 gnolls (D:2)
  2 adders (D:2)
  3 worms (D:2)
  A leopard gecko (D:1)
  3 bats
  4 giant cockroaches
  13 goblins
  7 hobgoblins
  4 jackals (D:2)
  A quokka (D:2)
  A frilled lizard (D:2)
  3 kobolds (D:2)
  4 rats
51 creatures vanquished.

Notes
Turn   | Place    | Note
-------+----------+-------------------------------------------
     0 | D:1      | Alarkh the Demonspawn Monk began the quest for the Orb.
     0 | D:1      | Reached XP level 1. HP: 18/18 MP: 1/1
   483 | D:1      | Gained mutation: You are partially covered in large bone plates. (SH +4) [demonic ancestry]
   483 | D:1      | Reached XP level 2. HP: 20/24 MP: 2/2
   901 | D:2      | Noticed Terence
   915 | D:2      | Killed Terence
   915 | D:2      | Gained mutation: You are mostly covered in large bone plates. (SH +6) [demonic ancestry]
   915 | D:2      | Reached XP level 3. HP: 12/29 MP: 3/3
   950 | D:2      | Noticed Robin
   977 | D:2      | Reached skill level 1 in Shields
  1029 | D:2      | Killed Robin
  1029 | D:2      | Reached XP level 4. HP: 21/35 MP: 4/4
  2169 | D:2      | Gained mutation: Your flesh is cold resistant. (rC+) [demonic ancestry]
  2169 | D:2      | Reached XP level 5. HP: 33/41 MP: 5/5
  2233 | D:2      | Quit the game

Vault maps used:
D:1:      ncdulo_smallfort, serial_forest, infiniplex_forest_lined_room_2,
          infiniplex_forest_lined_2, infiniplex_forest_lined_room_2,
          infiniplex_forest_clump_long, infiniplex_forest_side_room,
          infiniplex_forest_clump_curved, infiniplex_forest_clump_small,
          hex_medium, minmay_tetromino_t2
D:2:      serial_bayou_ford_a, uniq_robin, uniq_terence

Skill      XL: |  1  2  3 |
---------------+----------+-----
Long Blades    | 3 |  3.8
Dodging        | 3 |  3.3
Shields        | 1 |  1.4
Fighting       | |  3.6
Armour         | |  0.8
Stealth        | |  1.7

Action                   |  1- 3 |  4- 6 || total
-------------------------+-------+-------++-------
Melee: Falchion          |    86 |    59 ||   145
       Dagger            |       |    43 ||    43
  Use: Potion            |     1 |     1 ||     2
 Stab: Sleeping          |     3 |       ||     3
  Eat: Meat ration       |       |     1 ||     1
       Chunk             |       |     1 ||     1
Armor: Robe              |     6 |       ||     6
       Ring mail         |    24 |    23 ||    47
Dodge: Dodged            |    37 |    19 ||    56
Block: Shield            |    58 |    61 ||   119
       Rpst.: Falchion   |    12 |       ||    12
